 Dungeon Crawl Stone Soup version 0.26.1-10-gdfb7c7de75 (webtiles) character file.

Game seed: 11262029449839170607

5408 phalm the Blocker (level 10, -2/63 HPs)
             Began as a Gargoyle Fighter on Apr 11, 2021.
             Was a High Priest of Okawaru.
             Slain by a hornet (4 damage)
             ... on level 8 of the Dungeon.
             The game lasted 00:21:41 (9129 turns).

phalm the Blocker (Gargoyle Fighter)                Turns: 9129, Time: 00:21:41

Health: -2/63      AC: 22    Str: 23    XL:     10   Next: 67%
Magic:  13/13      EV:  9    Int:  9    God:    Okawaru [*****.]
Gold:   371        SH: 12    Dex:  9    Spells: 9/9 levels left

rFire    + . .     SeeInvis .   S - +4 mace (freeze) (curse) {mace}
rCold    + . .     Faith    .   c - +0 kite shield
rNeg     + . .     Spirit   .   z - +1 ring mail {rC+}
rPois    ∞         Reflect  .   G - +1 helmet
rElec    +         Harm     .   v - +0 cloak
rCorr    .         Rampage  .   s - +1 pair of gloves
Will     .....                  t - +0 pair of boots
Stlth    +.........             (no amulet)
HPRegen  0.20/turn              F - ring of protection from fire
MPRegen  0.13/turn              Q - ring of stealth

@: no status effects
A: negative energy resistance 1, electricity resistance, unbreathing,
petrification resistance, miasma immunity, AC +7
a: Renounce Religion, Heroism, Finesse


You were on level 8 of the Dungeon.
You worshipped Okawaru.
Okawaru was extremely pleased with you.
You visited 1 branch of the dungeon, and saw 9 of its levels.

You collected 371 gold pieces.


Innate Abilities, Weirdness & Mutations

You are resistant to torment.
Your stone body is resilient. (AC +7)
You are immune to poison.
You resist negative energy. (rN+)
You are resistant to electric shocks. (rElec)
You can survive without breathing.
You are immune to petrification.
You are immune to miasma.


   Skills:
 + Level 7.4 Fighting
 * Level 8.9 Maces & Flails
 + Level 7.4 Armour
 * Level 10.0 Shields
 + Level 4.6 Invocations


You had 9 spell levels left.
You didn't know any spells.
Your spell library was empty.

Inventory:

Hand Weapons
 S - a cursed +4 mace of freezing (weapon) {mace}
   (You took it off a wight on level 8 of the Dungeon)
Missiles
 K - 4 throwing nets (quivered) {=f!fthrowing}
Armour
 c - a +0 kite shield (worn)
 k - a +0 plate armour
   (You took it off a hobgoblin on level 1 of the Dungeon)
 p - a +0 tower shield
   (You found it on level 2 of the Dungeon)
 s - a +1 pair of gloves (worn)
   (You found it on level 4 of the Dungeon)
 t - a +0 pair of boots (worn)
   (You found it on level 3 of the Dungeon)
 v - a +0 cloak (worn)
   (You found it on level 7 of the Dungeon)
 z - a +1 ring mail of cold resistance (worn)
   (You took it off Ijyb on level 5 of the Dungeon)
 G - a +1 helmet (worn)
   (You found it on level 6 of the Dungeon)
Jewellery
 f - an uncursed ring of fire
   (You found it on level 4 of the Dungeon)
 C - an uncursed ring of ice
   (You found it on level 5 of the Dungeon)
 F - a ring of protection from fire (left hand)
   (You found it on level 3 of the Dungeon)
 L - an uncursed ring of flight
   (You found it on level 6 of the Dungeon)
 Q - a ring of stealth (right hand)
   (You found it on level 8 of the Dungeon)
Wands
 o - a wand of flame (51)
   (You took it off a kobold on level 4 of the Dungeon)
 w - a wand of random effects (54)
   (You took it off Terence on level 3 of the Dungeon)
 A - a wand of paralysis (14)
   (You found it on level 5 of the Dungeon)
 D - a wand of acid (2)
   (You found it on level 5 of the Dungeon)
 O - a wand of polymorph (16)
   (You found it on level 8 of the Dungeon)
Scrolls
 b - a scroll of summoning {unknown}
 e - 4 scrolls of teleportation {@r4}
 g - 2 scrolls of immolation {!r!r}
 h - 6 scrolls of magic mapping {!r}
 j - a scroll of noise {!r}
 l - 5 scrolls of remove curse {@r2}
 m - 2 scrolls of amnesia
 n - 2 scrolls of enchant armour
 x - a scroll of fog {unknown}
 B - a scroll of random uselessness {unknown}
 H - 2 scrolls of enchant weapon {unknown}
 P - a scroll of vulnerability {unknown}
Potions
 d - a potion of might
 i - 2 potions of heal wounds {unknown}
 q - 3 potions of attraction {!q}
 r - 3 potions of brilliance {unknown}
 u - 2 potions of flight {unknown}
 y - 3 potions of curing {@q1}
 E - 2 potions of mutation {unknown}
 I - a potion of ambrosia {unknown}
 J - a potion of berserk rage {unknown}
 M - a potion of magic {unknown}
 N - 2 potions of haste {@q3}
 R - a potion of lignification {unknown}

Dungeon Overview and Level Annotations

Branches:
Dungeon (9/15)             Temple (0/1) D:6
   Lair: D:8-11         Orc: D:9-12

Altars:
Elyvilon
Hepliaklqana
Kikubaaqudgha
Okawaru
Ru
Vehumet
Xom
Yredelemnul

Shops:
D:5

[* ##)## ##.#
#)##.#........#####.
##.###.##
#.##.#...##.........
##...##
#.............#..#.#
#####
#####.#.##.....#...##
#.......##.#..##..#.#
####.###.#...........##.
#......)........####....
#.#####.........# ####.
#.# #@........# #. #.#
#.y#......# #. #.#
#.........# ###.
#.#####....###### #...
#.......#### #.##
####.###### #.#
#......>######### #.#
#.......#.......# #.#
#.......#.#..<#.###.#


You could see a hornet.


Message History

You sock the ice beast!
The ice beast hits you but does no damage.
You block the ice beast's attack.
You hit the ice beast but do no damage. You block the ice beast's attack.
You hit the ice beast but do no damage.
You block the ice beast's attack. 😮 HP[+1]
You barely miss the ice beast. You block the ice beast's attack.
You closely miss the ice beast. You block the ice beast's attack.
You closely miss the ice beast.
The ice beast hits you but does no damage.
You barely miss the ice beast.
The ice beast hits you but does no damage.
You sock the orc wizard! You freeze the orc wizard.
The gnoll sergeant hits you but does no damage.
The orc wizard gestures wildly while chanting.
The orc wizard blinks!
The ice beast closely misses you. 😮 HP[+1]
You hit the orc. You freeze the orc.
You kill the orc!
Okawaru accepts your kill.
The gnoll sergeant completely misses you.
You block the ice beast's attack.
You barely miss the ice beast. You block the gnoll sergeant's attack.
The orc hits you but does no damage. You block the ice beast's attack.
You block the gnoll sergeant's attack.
You hit the ice beast.
The ice beast hits you but does no damage.
You block the gnoll sergeant's attack.
You hit the ice beast. The orc barely misses you.
The ice beast hits you but does no damage.
You block the gnoll sergeant's attack.
You hit the ice beast. The orc hits you with a +0 flail.
The ice beast hits you but does no damage.
The gnoll sergeant hits you but does no damage. 😮 HP[-4]
You take 4 damage, and now have 38/63 hp.
You hit the ice beast. The orc hits you with a +0 flail.
The ice beast hits you but does no damage.
The gnoll sergeant hits you but does no damage. 😮 HP[-4]
You take 4 damage, and now have 34/63 hp.
You hit the ice beast. The orc hits you but does no damage.
The ice beast hits you but does no damage.
You block the gnoll sergeant's attack.
You hit the ice beast.
The orc wizard gestures wildly while chanting.
The orc wizard blinks!
You block the ice beast's attack. The orc hits you but does no damage.
The gnoll sergeant completely misses you.
You hit the ice beast.
You kill the ice beast!
Okawaru accepts your kill.
An orc warrior comes into view. It is wielding a +2 halberd of flaming.
The hornet stings you but does no damage.
Your shield prevents you from hitting the hornet.
The orc warrior shouts!
The gnoll sergeant hits you but does no damage.
The orc hits you but does no damage. The hornet closely misses you.
The gnoll sergeant hits you but does no damage. 😮 HP[+1]
You thump the hornet! You freeze the hornet. The hornet stings you.
* * * LOW HITPOINT WARNING * * *
The orc closely misses you. You block the hornet's attack.
The gnoll sergeant hits you but does no damage. 😨 HP[-5]
You take 5 damage, and now have 30/63 hp.
You barely miss the hornet.
The orc wizard mumbles some strange words.
The orc wizard blinks!
You block the hornet's attack. The orc hits you with a +0 flail.
* * * LOW HITPOINT WARNING * * *
The orc wizard gestures wildly while chanting.
The orc wizard blinks! 😨 HP[-5]
You take 5 damage, and now have 25/63 hp.
The hornet stings you.
* * * LOW HITPOINT WARNING * * *
The gnoll sergeant hits you but does no damage.
The hornet stings you but does no damage.
You climb upwards.
There is a stone staircase leading down here. 😨 HP[-5]
You take 5 damage, and now have 20/63 hp.
You hit the hornet. You freeze the hornet.
The hornet stings you but does no damage. 😨 HP[+1]
You hit the hornet. You freeze the hornet. You block the hornet's attack. x2
You miss the hornet. You block the hornet's attack.
You hit the hornet. You freeze the hornet.
The hornet stings you but does no damage.
You hit the hornet. You freeze the hornet. You block the hornet's attack.
The hornet stings you but does no damage.
You closely miss the hornet. The hornet stings you!
* * * LOW HITPOINT WARNING * * *
😱 HP[-8]
You take 8 damage, and now have 13/63 hp.
You completely miss the hornet. The hornet stings you!
* * * LOW HITPOINT WARNING * * *
The hornet stings you.
You die...

Skill      XL: |  1  2  3  4  5  6  7  8  9 10 |
---------------+-------------------------------+-----
Shields        | 4 5 6 7 9 10 | 10.0
Maces & Flails | 4 5 6 8 |  8.9
Fighting       | 4 5 6 7 |  7.4
Armour         | 4 5 6 7 |  7.4
Invocations    | 1 3 4 |  4.6

Action                   |  1- 3 |  4- 6 |  7- 9 | 10-12 || total
-------------------------+-------+-------+-------+-------++-------
Melee: Flail             |   130 |   213 |   464 |   219 ||  1026
       Mace              |       |       |       |    56 ||    56
Throw: Throwing net      |       |       |     2 |       ||     2
Evoke: Wand              |       |       |     1 |     5 ||     6
  Use: Scroll            |       |     3 |     5 |     2 ||    10
       Potion            |       |       |     3 |       ||     3
Armor: Scale mail        |    67 |    74 |       |       ||   141
       Plate armour      |       |    48 |    96 |       ||   144
       Ring mail         |       |       |   195 |   136 ||   331
Dodge: Dodged            |    44 |    65 |   183 |    77 ||   369
Block: Kite shield       |    67 |   132 |   310 |   157 ||   666

Levels and vault maps discovered:
D:1:      ncdulo_wetmaze, layout_basic, grunt_decor_fettered,
          lemuel_another_geyser
D:2:      layout_rooms, kennysheep_generic_room_2
D:3:      layout_loops_ring, nicolae_overflow_hidden_temple,
          okawaru_ov_weapons_minmay, nicolae_overflow_crystal_walls,
          uniq_grinder, uniq_terence
D:4:      layout_basic, vehumet_altar_wand_db, kennysheep_path_1,
          tgw_kikubaaqudgha, uniq_duvessa, uniq_natasha, uniq_menkaure
D:5:      layout_gridville, nicolae_ru_the_path_less_chosen, serial_shops, shop,
          guppyfry_shop_venom, uniq_ijyb
D:6:      layout_basic, lemuel_doored_altar, minmay_temple_entry_glassed_door,
          grunt_ministairs_1, xom_confusion_cloud, uniq_eustachio
D:7:      layout_gridville, kennysheep_diamond, uniq_harold
D:8:      layout_loops_cross, nrook_mini_vaults,
          minmay_fractal_squares_gapless_5
D:9:      layout_rooms, lair_entry_dummy, special_room [special_room_kobold],
          lemuel_altar_in_water

Notes
Turn   | Place    | Note
-------+----------+-------------------------------------------
     0 | D:1      | phalm the Gargoyle Fighter began the quest for the Orb.
     0 | D:1      | Reached XP level 1. HP: 14/14 MP: 1/1
     0 | D:1      | magus.rc [v1.9.9]
    87 | D:1      | Reached XP level 2. HP: 19/19 MP: 2/2
   477 | D:1      | Reached XP level 3. HP: 23/23 MP: 3/3
   895 | D:1      | Reached skill level 4 in Shields
   948 | D:1      | Reached XP level 4. HP: 29/29 MP: 4/4
  1476 | D:2      | Reached skill level 3 in Maces & Flails
  2177 | D:3      | Found an iron altar of Okawaru.
  2185 | D:3      | Became a worshipper of Warmaster Okawaru
  2257 | D:3      | Noticed Grinder
  2261 | D:3      | Paralysed by Grinder for 3 turns
  2272 | D:3      | Killed Grinder
  2272 | D:3      | Reached * piety under Okawaru
  2273 | D:3      | Reached skill level 4 in Fighting
  2273 | D:3      | Reached skill level 4 in Maces & Flails
  2273 | D:3      | Reached skill level 4 in Armour
  2273 | D:3      | Reached skill level 5 in Shields
  2273 | D:3      | Reached XP level 5. HP: 25/33 MP: 5/5
  2273 | D:3      | Reached XP level 6. HP: 28/38 MP: 6/6
  2447 | D:3      | Found a hazy altar of Hepliaklqana.
  2536 | D:3      | Noticed Terence
  2547 | D:3      | Killed Terence
  2809 | D:3      | Found an ancient bone altar of Kikubaaqudgha.
  2878 | D:3      | Reached XP level 7. HP: 44/44 MP: 7/7
  3115 | D:4      | Found an ancient bone altar of Kikubaaqudgha.
  3116 | D:4      | Noticed a human
  3118 | D:4      | Killed a human
  3297 | D:4      | Noticed Duvessa
  3297 | D:4      | Noticed Dowan
  3317 | D:4      | Killed Duvessa
  3366 | D:4      | Killed Dowan
  3606 | D:4      | Noticed Menkaure
  3616 | D:4      | Killed Menkaure
  3616 | D:4      | Reached ** piety under Okawaru
  3617 | D:4      | Reached skill level 5 in Maces & Flails
  3617 | D:4      | Reached skill level 6 in Shields
  3751 | D:4      | Noticed Natasha
  3761 | D:4      | Killed Natasha
  3762 | D:4      | Reached skill level 5 in Fighting
  3891 | D:4      | Found a radiant altar of Vehumet.
  3935 | D:4      | Reached skill level 5 in Armour
  4220 | D:4      | Noticed Natasha
  4225 | D:4      | Killed Natasha
  4342 | D:5      | Entered Level 5 of the Dungeon
  4359 | D:5      | Noticed Ijyb
  4382 | D:5      | Killed Ijyb
  4383 | D:5      | Reached XP level 8. HP: 43/49 MP: 8/8
  4422 | D:5      | Found Zouc's Armour Boutique.
  4489 | D:5      | Found Mos Ycu's Serpentskin Sales.
  4506 | D:5      | HP: 10/49 [water moccasin (6)]
  4517 | D:5      | HP: 3/49 [water moccasin (2)]
  4665 | D:4      | Noticed Natasha
  4758 | D:4      | Killed Natasha
  4893 | D:5      | Reached skill level 6 in Maces & Flails
  4893 | D:5      | Reached skill level 7 in Shields
  5604 | D:5      | Found a sacrificial altar of Ru.
  5754 | D:6      | Found a basalt altar of Yredelemnul.
  5765 | D:6      | Noticed a wyvern
  5783 | D:6      | Killed a wyvern
  5783 | D:6      | Reached *** piety under Okawaru
  5784 | D:6      | Reached skill level 1 in Invocations
  5789 | D:6      | Got an ivory dagger {short}
  5984 | D:6      | Reached XP level 9. HP: 55/55 MP: 9/9
  6022 | D:6      | Found a shimmering altar of Xom.
  6127 | D:6      | Noticed Eustachio
  6151 | D:6      | Killed Eustachio
  6152 | D:6      | Reached skill level 6 in Fighting
  6152 | D:6      | Reached skill level 6 in Armour
  6236 | D:6      | Reached skill level 8 in Shields
  6236 | D:6      | Reached skill level 2 in Invocations
  6281 | D:6      | Reached skill level 7 in Maces & Flails
  6516 | D:6      | Found a staircase to the Ecumenical Temple.
  6695 | D:7      | Noticed Harold
  6897 | D:7      | Killed Harold
  6897 | D:7      | Reached **** piety under Okawaru
  6898 | D:7      | Reached skill level 9 in Shields
  6898 | D:7      | Reached skill level 3 in Invocations
  7218 | D:7      | Reached skill level 8 in Maces & Flails
  7218 | D:7      | Reached XP level 10. HP: 53/61 MP: 12/12
  7294 | D:7      | Found a white marble altar of Elyvilon.
  7512 | D:8      | Noticed a two-headed ogre
  7557 | D:7      | HP: 15/61 [two-headed ogre/+0 giant club (20)]
  7802 | D:7      | Killed a two-headed ogre
  7803 | D:7      | Reached skill level 7 in Fighting
  7803 | D:7      | Reached skill level 7 in Armour
  7803 | D:7      | Reached skill level 4 in Invocations
  8238 | D:8      | Reached ***** piety under Okawaru
  9081 | D:9      | Received a gift from Okawaru
  9101 | D:9      | Reached skill level 10 in Shields
  9128 | D:8      | HP: 13/63 [hornet (9)]
  9129 | D:8      | HP: 2/63 [hornet (11)]
  9129 | D:8      | Slain by a hornet

Vanquished Creatures
  Harold (D:7)
  A two-headed ogre (D:7)
  Grinder (D:3)
  A wyvern (D:6)
  Eustachio (D:6)
  Menkaure (D:4)
  4 water moccasins
  An orc warrior (D:9)
  Duvessa (D:4)
  A phantom (D:6)
  2 sky beasts
  A black bear (D:7)
  3 ice beasts
  A necrophage (D:6)
  2 centaurs
  3 ogres
  4 bullfrogs
  Dowan (D:4)
  3 scorpions
  A wight (D:8)
  5 killer bees
  2 howler monkeys
  A jelly (D:7)
  2 orc priests
  A hound (D:5)
  5 orc wizards
  2 bullfrog skeletons
  An iguana (D:5)
  6 worker ants
  Ijyb (D:5)
  Natasha (thrice) (D:4)
  Terence (D:3)
  A hound skeleton (D:4)
  A worker ant zombie (D:7)
  5 gnolls
  10 adders
  A white imp (D:8)
  3 ufetubi
  3 oozes
  2 adder skeletons
  4 worms
  2 dart slugs
  2 leopard geckos (D:1)
  22 orcs
  A ball python (D:5)
  2 giant cockroaches
  9 goblins
  13 hobgoblins
  4 jackals (D:1)
  12 kobolds
  5 quokkas
  4 bats
  5 frilled lizards
  A leopard gecko skeleton (D:4)
  3 quokka skeletons
  9 rats
188 creatures vanquished.

Vanquished Creatures (others)
  A human (D:4)
  A bullfrog (D:6)
  A scorpion (D:6)
  An adder (D:6)
  A leopard gecko (D:6)
  An orc (D:6)
  A jackal (D:6)
7 creatures vanquished.

Grand Total: 195 creatures vanquished

Table legend:
 A = Non-vault XP
 B = Vault XP
 C = Vault XP percentage of total XP
 D = Non-vault monster count
 E = Vault monster count
 F = Vault count percentage of total count
                 A         B        C        D         E       F
            +---------+---------+-------+---------+---------+-------
      Total |    4906 |    2821 |  36.5 |     162 |      26 |  13.8
            +---------+---------+-------+---------+---------+-------
        D:1 |     115 |       0 |   0.0 |      44 |       0 |   0.0
        D:2 |      37 |       5 |  11.9 |      11 |       3 |  21.4
        D:3 |     151 |     309 |  67.2 |      20 |       2 |   9.1
        D:4 |     191 |     422 |  68.8 |      22 |       5 |  18.5
        D:5 |     191 |     493 |  72.1 |      13 |       6 |  31.6
        D:6 |    1264 |     254 |  16.7 |      16 |       4 |  20.0
        D:7 |    1906 |    1024 |  34.9 |      14 |       3 |  17.6
        D:8 |     640 |     314 |  32.9 |      17 |       3 |  15.0
        D:9 |     411 |       0 |   0.0 |       5 |       0 |   0.0
            +---------+---------+-------+---------+---------+-------

Illustrated notes

Table legend:
 A = Kills in this place as a percentage of kills in entire the game.
 B = Kills by you in this place as a percentage of kills by you in the entire game.
 C = Kills by friends in this place as a percentage of kills by friends in the entire game.
 D = Other kills in this place as a percentage of other kills in the entire game.
 E = Experience gained in this place as a percentage of experience gained in the entire game.
 F = Experience gained in this place divided by the number of levels of this place that you have seen.
                   A       B       C       D       E      F
               +-------+-------+-------+-------+-------+----------------------
         Total | 100.0 | 100.0 |   N/A |   N/A | 100.0 | 858.6
       Dungeon | 100.0 | 100.0 |   N/A |   N/A | 100.0 | 858.6
               +-------+-------+-------+-------+-------+----------------------

Table legend: (Time is in decaauts)
 A = Elapsed time spent in this place.
 B = Non-inter-level travel time spent in this place.
 C = Inter-level travel time spent in this place.
 D = Time resting spent in this place.
 E = Time spent auto-exploring this place.
 F = Levels seen in this place.
 G = Mean time per level.
                   A        B        C        D        E       F      G
               +--------+--------+--------+--------+--------+-----+--------+
         Total |   9327 |   8965 |    362 |     71 |   6814 |   9 | 1036.3 |
       Dungeon |   9327 |   8965 |    362 |     71 |   6814 |   9 | 1036.3 |
               +--------+--------+--------+--------+--------+-----+--------+

Top non-repeatable levels by time:
     D:1: 1737 daAuts
     D:4: 1619 daAuts
     D:6: 1471 daAuts
     D:5: 1049 daAuts
     D:7: 1020 daAuts
     D:8: 918 daAuts
     D:3: 917 daAuts
     D:2: 538 daAuts
     D:9: 55 daAuts
